 Dungeon Crawl Stone Soup version 0.24-a0-464-g6b2be6b8c7 (webtiles) character file.

Game seed: 8116367784373923100

195 CookieEater the Digger (level 5, -2/28 HPs)
             Began as a Gargoyle Earth Elementalist on July 3, 2019.
             Slain by an orc
             ... wielding a +0 war axe
              (6 damage)
             ... on level 3 of the Dungeon.
             The game lasted 00:05:22 (2538 turns).

CookieEater the Digger (GrEE)                       Turns: 2538, Time: 00:05:22

Health: -2/28      AC:  8    Str: 12    XL:     5   Next: 74%
Magic:  2/10       EV: 12    Int: 16    God:
Gold:   164        SH:  0    Dex: 10    Spells: 2/11 levels left

rFire    . . .     SeeInvis .   f - +0 falchion (holy)
rCold    . . .     Gourm    .   (no shield)
rNeg     + . .     Faith    .   c - +0 robe
rPois    ∞         Spirit   .   (no helmet)
rElec    +         Reflect  .   h - +2 cloak
rCorr    .         Harm     .   (no gloves)
MR       .....                  (no boots)
Stlth    ++........             (no amulet)
HPRegen  0.09/turn              (no ring)
MPRegen  0.12/turn              (no ring)

@: no status effects
A: deformed body, negative energy resistance 1, electricity resistance, wild
magic 1, unbreathing, evolution 2, petrification resistance, rot immunity, AC +4
a: no special abilities


You were on level 3 of the Dungeon.
You were hungry.

You visited 1 branch of the dungeon, and saw 3 of its levels.
You also visited: Sewer.

You collected 164 gold pieces.

Inventory:

Hand Weapons
 a - a +0 whip
 f - a +0 falchion of holy wrath (weapon)
Missiles
 b - 40 stones (quivered)
Armour
 c - a +0 robe (worn)
 h - a +2 cloak (worn)
Magical Staves
 i - an uncursed staff of power
Potions
 j - 2 potions of heal wounds
Comestibles
 d - 3 rations
 g - 2 chunks of flesh


   Skills:
 - Level 1.5 Dodging
 - Level 2.1 Stealth
 + Level 3.6 Spellcasting
 + Level 2.6 Conjurations
   Level 0.7 Transmutations
 + Level 5.4 Earth Magic


You had 2 spell levels left.
You knew the following spells:

 Your Spells              Type           Power        Failure   Level  Hunger
a - Sandblast             Erth           ####..       3%          1    None
b - Stone Arrow           Conj/Erth      ###...       16%         3    ###....
c - Lee's Rapid Deconstr  Erth           ####......   56%         5    ######.

Your spell library contained the following spells:

 Spells                   Type           Power        Failure   Level  Hunger
 Passwall                 Tmut/Erth      ###.....     12%         2    ##.....
 Petrify                  Tmut/Erth      ###.....     54%         4    ####...


Dungeon Overview and Level Annotations

Branches:
Dungeon (3/15)

Altars:


Innate Abilities, Weirdness & Mutations

You are resistant to torment.
Your stone body is resilient. (AC +4)
You are immune to poison.
You resist negative energy. (rN+)
You are resistant to electric shocks. (rElec)
You can survive without breathing.
You are immune to petrification.
You are immune to rotting.
Armour fits poorly on your strangely shaped body.
Your spells are a little harder to cast, but a little more powerful.
You rapidly evolve.


Message History

b - 42 stones The orc hits you with a +0 war axe.
* * * LOW HITPOINT WARNING * * *
Casting: Sandblast (safe; 3% risk of failure)
Confirm with . or Enter, or press ? or * to list all spells.
Aiming: Sandblast (safe; 3% risk of failure)
Press: ? - help, Shift-Dir - straight line, f/p - orc
Aim: an orc, wielding a +0 war axe and wearing a +0 ring mail The blast of sand misses the orc.
b - 41 stones The orc barely misses you.
Casting: Sandblast (safe; 3% risk of failure)
Confirm with . or Enter, or press ? or * to list all spells.
Aiming: Sandblast (safe; 3% risk of failure)
Press: ? - help, Shift-Dir - straight line, f/p - orc
Aim: an orc, wielding a +0 war axe and wearing a +0 ring mail The blast of sand hits the orc but does no damage.
b - 40 stones The orc hits you with a +0 war axe.
You die...

######.######.#
..............#
###....######.#
# #.##.#......#
# #.##.#..###.#
# #.##.# #.# #
#.##.# #.# #
#.##.#
#.#.######### #
#.##.#
#.$...@o....# #
#.##.#
#.#.#####.### #
#..#.# #.#.#
####.#[# # #.#
.......# #.#
####.### #.#
#.# #.. #)# ##
###.###


You could see an orc.

Vanquished Creatures
  Purgy (Sewer)
  2 adders (D:3)
  2 river rats (D:3)
  A worm (D:3)
  A dart slug (D:1)
  2 orcs (D:3)
  3 giant cockroaches
  6 goblins
  8 hobgoblins
  2 jackals (Sewer)
  2 ball pythons (D:3)
  7 bats
  2 frilled lizards
  11 kobolds
  6 rats
56 creatures vanquished.

Notes
Turn   | Place    | Note
-------+----------+-------------------------------------------
     0 | D:1      | CookieEater the Gargoyle Earth Elementalist began the quest
                  | for the Orb.
     0 | D:1      | Reached XP level 1. HP: 10/10 MP: 3/3
   139 | D:1      | Reached XP level 2. HP: 13/15 MP: 5/5
   178 | D:1      | Reached skill level 4 in Earth Magic
   692 | D:1      | Reached XP level 3. HP: 18/19 MP: 6/6
   697 | D:1      | Learned a level 3 spell: Stone Arrow
  1022 | D:2      | You fall into a shaft and drop 1 floor!
  1027 | D:3      | Found a glowing drain.
  1041 | Sewer    | Entered a sewer
  1514 | Sewer    | Noticed Purgy
  1530 | Sewer    | Gained mutation: Your spells are a little harder to cast,
                  | but a little more powerful. [potion of mutation]
  1530 | Sewer    | Gained mutation: Armour fits poorly on your strangely
                  | shaped body. [potion of mutation]
  1530 | Sewer    | Gained mutation: You evolve. [potion of mutation]
  1530 | Sewer    | Gained mutation: You rapidly evolve. [potion of mutation]
  1533 | Sewer    | Killed Purgy
  1533 | Sewer    | Reached skill level 5 in Earth Magic
  1533 | Sewer    | Reached XP level 4. HP: 17/24 MP: 0/9
  1533 | Sewer    | Reached XP level 5. HP: 20/28 MP: 0/10
  1543 | Sewer    | Learned a level 5 spell: Lee's Rapid Deconstruction
  2538 | D:3      | Slain by an orc

Levels and vault maps discovered:
D:1:      elethiomel_arrival_infinity_welcomes_careful_drivers, layout_basic,
          chequers_hall_statues_y
D:2:      layout_loops_ring
D:3:      layout_basic, portal_sewer_entry_a

Skill      XL: |  1  2  3 |
---------------+----------+-----
Earth Magic    | 4 5 |  5.4
Spellcasting   | 3 |  3.6
Conjurations   | 2 |  2.6
Dodging        | |  1.5
Stealth        | |  2.1
Transmutations | |  0.7

Action                   |  1- 3 |  4- 6 || total
-------------------------+-------+-------++-------
Melee: Whip              |   104 |       ||   104
       Falchion          |       |    67 ||    67
 Cast: Sandblast         |    15 |    16 ||    31
  Use: Potion            |     3 |       ||     3
       Scroll            |     1 |     2 ||     3
 Stab: Sleeping          |     4 |     4 ||     8
  Eat: Chunk             |     2 |     3 ||     5
Armor: Robe              |    37 |    18 ||    55
Dodge: Dodged            |    86 |    57 ||   143
       Rpst.: Falchion   |       |    20 ||    20

Table legend:
 A = Non-vault XP
 B = Vault XP
 C = Vault XP percentage of total XP
 D = Non-vault monster count
 E = Vault monster count
 F = Vault count percentage of total count
                 A         B        C        D         E       F
            +---------+---------+-------+---------+---------+-------
      Total |     101 |     178 |  63.8 |      47 |       9 |  16.1
            +---------+---------+-------+---------+---------+-------
        D:1 |      40 |       0 |   0.0 |      24 |       0 |   0.0
        D:2 |       4 |       0 |   0.0 |       4 |       0 |   0.0
        D:3 |      57 |      28 |  32.9 |      19 |       3 |  13.6
      Sewer |       0 |     150 | 100.0 |       0 |       6 | 100.0
            +---------+---------+-------+---------+---------+-------
